 Dungeon Crawl Stone Soup version 0.28-a0-1524-ge72afd5fc6 (webtiles) character file.

Game seed: 12421738275577958504

372 gimp the Skirmisher (level 7, -3/54 HPs)
             Began as a Djinni Wanderer on Jan 17, 2022.
             Was an Initiate of Makhleb.
             Slain by an ice beast (18 damage)
             ... on level 4 of the Dungeon.
             The game lasted 00:08:03 (3665 turns).

gimp the Skirmisher (Djinni Wanderer)               Turns: 3665, Time: 00:08:04

Health: -3/54      AC:  4    Str: 11    XL:     7   Next: 2%
Gold:   97         EV: 14    Int: 14    God:    Makhleb [......] SH:  0 Dex: 20

rFire   + + .      SeeInvis .   a - +2 dagger (elec)
rCold   x . .      Faith    .   (no shield)
rNeg    . . .      Spirit   .   d - +0 robe
rPois   ∞          Reflect  .   k - +0 helmet
rElec   .          Harm     .   g - +0 cloak
rCorr   .          Rampage  .   (no gloves)
Will    .....                   (boots unavailable)
Stlth   ++........              (no amulet)
HPRegen 0.18/turn               n - +6 ring of dexterity
MPRegen 0.00/turn               (no ring)

@: flying
A: sickness immunity, fire resistance 2, cold vulnerability 1, float, innate
caster, hp casting, extra vitality 1
a: Renounce Religion


You were on level 4 of the Dungeon.
You worshipped Makhleb.
Makhleb was noncommittal.
You visited 1 branch of the dungeon, and saw 4 of its levels.

You collected 97 gold pieces.

Inventory:

Hand Weapons
 a - a +2 dagger of electrocution (weapon)
 b - a +1 short sword of venom
Missiles
 m - a curare-tipped dart (quivered)
Armour
 d - a +0 robe (worn)
 g - a +0 cloak (worn)
 k - a +0 helmet (worn)
Jewellery
 n - a +6 ring of dexterity (left hand)
Scrolls
 e - a scroll of fear {unknown}
 f - 2 scrolls of immolation {unknown}
 i - a scroll of identify {unknown}
 j - a scroll of fog {unknown}
Potions
 c - a potion of brilliance {unknown}
 l - 2 potions of flight {unknown}
 o - a potion of magic {unknown}


   Skills:
 - Level 5.0 Fighting
 + Level 2.3 Short Blades
 + Level 2.8 Throwing
 - Level 4.3 Dodging
 - Level 1.0 Stealth
 - Level 1.5 Spellcasting
 - Level 1.0 Evocations


You couldn't memorise any spells.
You knew the following spells:

 Your Spells              Type           Power      Damage    Failure   Level
a - Beastly Appendage     Tmut           10%        N/A       13%         1
b - Ignite Poison         Fire/Tmut/Pois 5%         N/A       36%         3
c - Summon Small Mammal   Summ           20%        N/A       13%         1
d - Ensorcelled Hibernat  Hex/Ice        10%        N/A       21%         2
e - Searing Ray           Conj           10%        2d4       21%         2

Your spell library contained the following spells:

 Spells                   Type           Power      Damage    Failure   Level


Dungeon Overview and Level Annotations

Branches:
Dungeon (4/15)
 Temple: D:4-7

Altars:
Dithmenos
Makhleb
Qazlal


Innate Abilities, Weirdness & Mutations

You are immune to sickness and miasma.
You are immune to poison.
Your flesh is very heat resistant. (rF++)
You are vulnerable to cold. (rC-)
You float through the air rather than walking.
You learn spells naturally, not from books.
Your magical power is your life essence.
You have superior vitality. (+4 MHP)


Message History

The ice beast is lightly wounded.
Throw: 2 darts (poison)
Press: ? - help, Q - select action, (/) - cycle Shift-Dir - straight line, f/p - ice beast
Aim: an ice beast (lightly wounded, poisoned, 65% to hit)
You throw a poisoned dart. The poisoned dart hits the ice beast.
The ice beast looks even sicker.
The ice beast is lightly wounded.
Throw: dart (poison)
Press: ? - help, Q - select action, (/) - cycle Shift-Dir - straight line, f/p - ice beast
Aim: an ice beast (moderately wounded, very poisoned, 65% to hit)
You throw a poisoned dart. The poisoned dart hits the ice beast!
The ice beast is moderately wounded.
You aren't carrying any items that you can evoke.
Unknown command.
There is a stormy altar of Qazlal here.
The ice beast looks more healthy.
Throw: 4 darts (curare)
Press: ? - help, Q - select action, (/) - cycle Shift-Dir - straight line, f/p - ice beast
Aim: an ice beast (severely wounded, 65% to hit)
You throw a curare-tipped dart.
The curare-tipped dart hits the ice beast.
The ice beast is severely wounded.
Throw: 3 darts (curare)
Press: ? - help, Q - select action, (/) - cycle Shift-Dir - straight line, f/p - ice beast
Aim: an ice beast (severely wounded, 65% to hit)
You throw a curare-tipped dart.
The curare-tipped dart hits the ice beast.
The ice beast is severely wounded.
Throw: 2 darts (curare)
Press: ? - help, Q - select action, (/) - cycle Shift-Dir - straight line, f/p - ice beast
Aim: an ice beast (severely wounded, 65% to hit)
You throw a curare-tipped dart.
The curare-tipped dart hits the ice beast.
The ice beast is severely wounded.
You closely miss the ice beast.
The ice beast is severely wounded.
The ice beast hits you.
* * * LOW HITPOINT WARNING * * *
The ice beast freezes you!!
You feel a terrible chill!
You die...

....†##.#####
#...§...≈.≈...
.⌠.⌠.#.....#
####.≈§§§§§≈.≈.#.
.._..+..##.#
#....≈.(.....≈.#
.⌠.⌠.##.##.#
#.#..≈≈≈≈≈≈≈≈≈.#
.....##.##.#
#.##(..........#
##'####.##.#
#...(.....###.#..
#.##.#.##.# #.##(.#..##
.... ##.##.#.##.#
#.#Y.....# ...
##......##.###.#@.....###
..
'.......................+
####........##........###
# #..#.###.##.....).##
#.##.# #.#####.####
#.##.###.# #.# #.##..##.#
#.# #.###.##.# #..
#.###.##(# #.#


You could see an ice beast.

Vanquished Creatures
  An ogre (D:4)
  A vampire bat (D:3)
  A hound (D:4)
  A hound skeleton (D:4)
  5 adders
  2 worms
  3 fire bats (D:3)
  10 orcs
  2 spectral bats (D:3)
  4 ball pythons
  3 bat skeletons (D:3)
  A bat zombie (D:3)
  8 endoplasms
  A giant cockroach (D:4)
  5 goblins
  5 hobgoblins
  3 jackals (D:3)
  5 kobolds
  A quokka (D:1)
  11 bats
  A bat simulacrum (D:3)
  4 frilled lizards
  3 rats
81 creatures vanquished.

Notes
Turn   | Place    | Note
-------+----------+-------------------------------------------
     0 | D:1      | gimp the Djinni Wanderer began the quest for the Orb.
     0 | D:1      | Reached XP level 1. HP: 15/15 MP: 0/0
   127 | D:1      | Reached skill level 1 in Fighting
   246 | D:1      | Reached XP level 2. HP: 13/22 MP: 0/0
   535 | D:1      | Reached skill level 2 in Fighting
   783 | D:2      | Reached XP level 3. HP: 29/29 MP: 0/0
   783 | D:2      | Learned a level 1 spell: Summon Small Mammal
  1048 | D:2      | Found a faded altar of an unknown god.
  1090 | D:2      | Reached skill level 3 in Fighting
  1103 | D:2      | Reached XP level 4. HP: 12/35 MP: 0/0
  2144 | D:3      | Reached skill level 4 in Fighting
  2154 | D:3      | Reached XP level 5. HP: 41/41 MP: 0/0
  2154 | D:3      | Learned a level 2 spell: Ensorcelled Hibernation
  2415 | D:3      | Reached skill level 5 in Fighting
  2441 | D:3      | Reached XP level 6. HP: 40/49 MP: 0/0
  2559 | D:3      | Reached skill level 1 in Short Blades
  3147 | D:4      | Found a shadowy altar of Dithmenos.
  3355 | D:4      | Found a burning altar of Makhleb.
  3381 | D:4      | Noticed an ogre
  3392 | D:4      | Killed an ogre
  3429 | D:4      | Became a worshipper of Makhleb the Destroyer
  3448 | D:4      | Reached XP level 7. HP: 47/54 MP: 0/0
  3448 | D:4      | Learned a level 2 spell: Searing Ray
  3594 | D:4      | Found a stormy altar of Qazlal.
  3665 | D:4      | Slain by an ice beast

Illustrated notes

Levels and vault maps discovered:
D:1:      wander_arrival_fairy_ring, layout_rooms, minivault_11
D:2:      layout_basic, dreamdust_ecumenical_altar_angels_and_demons
D:3:      layout_basic, goddamned_bats
D:4:      layout_loops_corners, nicolae_dithmenos_the_darkroom,
          kennysheep_little_box, mainiacjoe_overflow_concentric_impassable,
          chequers_garden, nicolae_shop_clearance

Skill      XL: |  1  2  3  4  5  6 |
---------------+-------------------+-----
Fighting       | 1 2 3 4 5 |  5.0
Short Blades   | 2 |  2.3
Throwing       | 2 |  2.8
Dodging        | |  4.3
Stealth        | |  1.0
Spellcasting   | |  1.5
Evocations     | |  1.0

Action                   |  1- 3 |  4- 6 |  7- 9 || total
-------------------------+-------+-------+-------++-------
Melee: Dagger            |    90 |    27 |     9 ||   126
       Headbutt          |     3 |     1 |       ||     4
       Short sword       |       |   179 |     1 ||   180
       Punch             |       |     5 |       ||     5
Throw: Dart              |       |     2 |    11 ||    13
 Cast: Beastly Appendage |     2 |     1 |       ||     3
 Stab: Sleeping          |     2 |     2 |     1 ||     5
Armor: Robe              |    11 |    73 |     3 ||    87
Dodge: Dodged            |    53 |   214 |     2 ||   269

Table legend: (Time is in decaauts)
 A = Elapsed time spent in this place.
 B = Non-inter-level travel time spent in this place.
 C = Inter-level travel time spent in this place.
 D = Time resting spent in this place.
 E = Time spent auto-exploring this place.
 F = Levels seen in this place.
 G = Mean time per level.
                   A        B        C        D        E       F      G
               +--------+--------+--------+--------+--------+-----+--------+
         Total |   3671 |   3622 |     49 |     28 |   2719 |   4 |  917.8 |
       Dungeon |   3671 |   3622 |     49 |     28 |   2719 |   4 |  917.8 |
               +--------+--------+--------+--------+--------+-----+--------+

Top non-repeatable levels by time:
     D:3: 1548 daAuts
     D:2: 827 daAuts
     D:1: 732 daAuts
     D:4: 562 daAuts
